 Dungeon Crawl Stone Soup version 0.26-a0-663-g36e8fdb655 (webtiles) character file.

Game seed: 16189489647498070209

6 Descartes the Sneak (level 1, 0/9 HPs)
             Began as a Felid Wanderer on Oct 11, 2020.
             Slain by a bat (1 damage)
             ... on level 1 of the Dungeon.
             The game lasted 00:00:38 (274 turns).

Descartes the Sneak (Felid Wanderer)                 Turns: 274, Time: 00:00:38

Health: 0/9        AC:  1    Str:  9    XL:     1   Next: 75%
Magic:  4/4        EV: 15    Int: 14    God:
Gold:   0          SH:  0    Dex: 13    Spells: 3/4 levels left
                                        Lives:  0   Deaths: 0

rFire    . . .     SeeInvis +     - Unarmed
rCold    . . .     Faith    .   (shield unavailable)
rNeg     . . .     Spirit   .   (armour unavailable)
rPois    .         Reflect  .   (helmet unavailable)
rElec    .         Harm     .   (cloak unavailable)
rCorr    .         Rampage  .   (gloves unavailable)
MR       .....                  (boots unavailable)
Stlth    +++.......             (no amulet)
HPRegen  0.03/turn              (no ring)
MPRegen  0.09/turn              (no ring)

@: quick
A: very small, no armour, no weapons or thrown items, stealth, claws 1, fangs 3,
see invisible, speed 1, shaggy fur 1, sharp paws
a: no special abilities


You were on level 1 of the Dungeon.
You visited 1 branch of the dungeon, and saw 1 of its levels.

Inventory:

Jewellery
 c - an uncursed ring of protection from fire {unknown}
Scrolls
 b - a scroll of fear
Potions
 a - a potion of berserk rage
 d - a potion of curing
 e - a potion of ambrosia {unknown}
 f - a potion of cancellation {unknown}


   Skills:
 - Level 2.0 Fighting
 + Level 4.7 Stealth
 - Level 2.0 Unarmed Combat
 - Level 2.0 Spellcasting
   Level 1.0 Conjurations


You had 3 spell levels left.
You knew the following spells:

 Your Spells              Type           Power        Failure   Level
a - Freeze                Ice            #...         24%         1

Your spell library contained the following spells:

 Spells                   Type           Power        Failure   Level
 Frozen Ramparts          Ice            #.....       56%         3


Dungeon Overview and Level Annotations

Branches:
Dungeon (1/15)

Altars:


Innate Abilities, Weirdness & Mutations

You cannot wear armour.
You are incapable of wielding weapons or throwing items.
Your paws allow you to move quietly. (Stealth)
You have sharp claws.
You have razor-sharp teeth.
You have supernaturally acute eyesight. (SInv)
You cover ground quickly.
You are covered in fur. (AC +1)
Your sharp claws are effective at attacking unaware monsters.


Message History

The kobold misses you.
You closely miss the kobold.
The kobold is heavily wounded.
The bat closely misses you. The bat completely misses you.
The kobold barely misses you.
You closely miss the kobold.
The kobold is heavily wounded.
The bat hits you.
* * * LOW HITPOINT WARNING * * *
The kobold barely misses you.
You barely miss the kobold.
The kobold is heavily wounded.
The bat hits you but does no damage.
You barely miss the kobold. Your bite misses the kobold.
The kobold is heavily wounded.
The bat barely misses you. The kobold misses you.
You scratch the kobold but do no damage.
The kobold is heavily wounded.
The bat hits you.
You die...

## .. #### .## #... ..#
#######
#...##.##########......
+....bK................
#..)##@....####.#......
#..........# #.#......
#..........# #.#......
###........# #.#######
#!.(##(.#####'##
#######.##.....#
#.##.....# #..#.....#
##.####.##


You could see a bat and a kobold.

Vanquished Creatures
  4 goblins (D:1)
  A rat (D:1)
5 creatures vanquished.

Notes
Turn   | Place    | Note
-------+----------+-------------------------------------------
     0 | D:1      | Descartes the Felid Wanderer began the quest for the Orb.
     0 | D:1      | Descartes set off with the following items: a potion of
                  | berserk rage, a scroll of fear, a potion of curing; and the
                  | following spell memorised: Freeze; and the following spells
                  | available to memorise: Frozen Ramparts
     0 | D:1      | Reached XP level 1. HP: 9/9 MP: 4/4
   274 | D:1      | Slain by a bat

Illustrated notes

Levels and vault maps discovered:
D:1:      lightli_molten_gateway, layout_basic

Action                   || total
-------------------------++-------
Melee: Unarmed           ||    32
Armor: Skin              ||     7
Dodge: Dodged            ||    45

Table legend: (Time is in decaauts)
 A = Elapsed time spent in this place.
 B = Non-inter-level travel time spent in this place.
 C = Inter-level travel time spent in this place.
 D = Time resting spent in this place.
 E = Time spent auto-exploring this place.
 F = Levels seen in this place.
 G = Mean time per level.
                   A        B        C        D        E       F      G
               +--------+--------+--------+--------+--------+-----+--------+
         Total |    248 |    248 |      0 |      0 |    195 |   1 |  248.0 |
       Dungeon |    248 |    248 |      0 |      0 |    195 |   1 |  248.0 |
               +--------+--------+--------+--------+--------+-----+--------+

Top non-repeatable levels by time:
     D:1: 248 daAuts
